Map: Dusk Towers

Players

ShadowRoma - Winner!

  • Race: Protoss Protoss

blackxored

  • Race: Zerg Zerg
  • League: Platinum

VOD

Have the link to the VOD?

Description

Time

  • Played on: June 27, 2016, 1:47 p.m.
  • Length: 8:32
Show
View Real Time Build Order
Export as new Build Order

ShadowRoma Protoss - Winner!

Build Orders: Nexus First 

Get SALT Encoding   

  12  0:01  Probe (Chrono Boost)  
  13  0:11  Probe (Chrono Boost)  
  14  0:21  Pylon  
  14  0:22  Probe (Chrono Boost)  
  15  0:39  Probe (Chrono Boost)  
  16  0:50  Probe (Chrono Boost)  
  17  0:58  Nexus  
  17  1:01  Probe (Chrono Boost)  
  18  1:12  Probe (Chrono Boost)  
  18  1:15  Forge  
  19  1:22  Probe (Chrono Boost)  
  20  1:36  Gateway, Probe (Chrono Boost)  
  21  1:49  Pylon  
  21  1:51  Probe (Chrono Boost)  
  22  1:57  Assimilator  
  22  2:03  Probe (Chrono Boost)  
  22  2:08  Photon Cannon  
  23  2:11  Probe (Chrono Boost)  
  24  2:16  Probe (Chrono Boost)  
  24  2:20  Probe (Chrono Boost)  
  24  2:22  Zealot (Chrono Boost)  
  26  2:27  Cybernetics Core  
  26  2:28  Probe (Chrono Boost)  
  29  2:36  Photon Cannon  
  30  2:48  Photon Cannon  
  30  2:50  Photon Cannon  
  29  2:56  Photon Cannon  
  29  3:00  Pylon  
  29  3:04  Mothership Core (Chrono Boost)  
  31  3:11  Photon Cannon  
  31  3:14  Probe (Chrono Boost)  
  31  3:17  Assimilator  
  32  3:26  Probe (Chrono Boost), Zealot (Chrono Boost)  
  34  3:27  Probe  
  34  3:30  Warp Gate  
  36  3:36  Gateway  
  36  3:40  Probe  
  37  3:41  Probe  
  38  3:52  Twilight Council, Probe (Chrono Boost)  
  38  3:53  Probe (Chrono Boost)  
  40  3:57  Zealot (Chrono Boost)  
  42  4:04  Probe (Chrono Boost)  
  42  4:09  Gateway  
  43  4:13  Gateway  
  43  4:14  Pylon  
  43  4:18  Probe (Chrono Boost)  
  43  4:19  Blink (Chrono Boost)  
  43  4:20  Probe (Chrono Boost)  
  45  4:29  Stalker, Probe  
  48  4:32  Probe  
  48  4:33  Assimilator  
  48  4:38  Pylon  
  49  4:42  Stalker  
  51  4:50  Probe  
  52  4:56  Protoss Ground Weapons Level 1 (Chrono Boost)  
  52  5:01  Adept, Zealot x2  
  58  5:07  Probe  
  58  5:11  Pylon  
  58  5:12  Stalker  
  61  5:15  Probe  
  61  5:20  Probe  
  63  5:29  Pylon  
  63  5:32  Robotics Facility, Probe  
  64  5:37  Probe  
  64  5:39  Stalker x2  
  64  5:40  Zealot  
  71  5:44  Probe  
  71  5:49  Probe  
  73  6:01  Stargate  
  75  6:05  Pylon x2  
  73  6:11  Probe  
  73  6:12  Nexus  
  73  6:13  Sentry, Pylon  
  76  6:19  Probe  
  75  6:26  Adept  
  75  6:27  Adept  
  77  6:33  Probe  
  73  6:44  Nexus, Stalker  
  73  6:45  Stalker  
  73  6:46  Immortal  
  77  6:57  Probe  
  77  6:59  Void Ray  
  77  7:01  Assimilator  
  72  7:10  Probe  
  72  7:12  Adept x2, Zealot  
  72  7:13  Zealot  
  72  7:14  Probe  
  76  7:23  Probe  
  76  7:27  Probe  
  78  7:35  Stalker x3, Probe  
  85  7:39  Probe  
  85  7:41  Pylon  
  86  7:47  Probe  
  86  7:50  Phoenix (Chrono Boost), Photon Cannon  
  86  7:51  Probe  
  90  7:53  Photon Cannon  
  90  7:59  Probe  
  90  8:01  Observer (Chrono Boost)  
  92  8:05  Probe  
  92  8:07  Probe  
  94  8:14  Stalker x4  
  94  8:19  Probe  
Show
View Real Time Build Order
Export as new Build Order

blackxored Zerg 

Build Orders: Pool First 

Get SALT Encoding   

  12  0:02  Drone  
  13  0:08  Drone  
  14  0:17  Overlord  
  14  0:24  Extractor  
  14  0:25  Drone  
  15  0:37  Drone x2  
  17  0:48  Spawning Pool  
  17  0:49  Drone  
  17  0:52  Extractor  
  16  0:57  Drone  
  17  1:06  Drone  
  18  1:17  Drone  
  19  1:32  Drone  
  20  1:37  Hatchery  
  20  1:39  Overlord  
  19  1:51  Drone  
  20  1:59  Metabolic Boost  
  20  2:00  Queen  
  22  2:14  Hatchery  
  21  2:18  Zergling x4  
  23  2:24  Zergling x2  
  24  2:38  Zergling x2  
  25  2:50  Zergling x4  
  25  2:58  Queen  
  25  3:00  Zergling x4  
  25  3:04  Drone  
  25  3:05  Roach Warren  
  29  3:09  Queen  
  31  3:20  Overlord  
  31  3:30  Drone x4  
  31  3:31  Drone  
  32  3:45  Drone x2  
  32  3:46  Drone x2  
  35  3:55  Lair  
  35  4:01  Extractor  
  35  4:02  Drone  
  35  4:13  Overlord  
  35  4:31  Overlord, Queen  
  35  4:33  Drone x3  
  35  4:35  Roach  
  42  4:46  Spore Crawler  
  42  4:47  Spore Crawler  
  42  4:48  Drone  
  40  4:58  Roach x3  
  40  4:59  Roach x2  
  50  5:01  Glial Reconstitution  
  48  5:07  Pneumatized Carapace  
  48  5:12  Queen  
  50  5:27  Overlord x2  
  50  5:34  Evolution Chamber  
  49  5:38  Overlord x3  
  49  5:58  Spire, Drone x4, Extractor  
  49  5:59  Drone  
  49  6:00  Extractor  
  49  6:01  Drone  
  52  6:04  Drone  
  49  6:27  Roach x6  
  57  6:42  Zergling x10  
  54  6:53  Roach  
  44  7:04  Zergling x2, Roach  
  41  7:11  Roach x2  
  43  7:20  Mutalisk x2  
  47  7:35  Ravager  
  48  7:47  Drone  
  48  7:49  Drone x3  
  52  7:52  Drone x2  
  54  8:04  Roach x2  
Tags
 
Add a new tag
Caveats
  • Supply blocks, unpowered buildings, or Contaminate may cause inaccurate times.
  • Supply counts are checked every 10 seconds.